[Event "Live Chess"]
[Site "Chess.com"]
[Date "2023.05.20"]
[Round "-"]
[White "CeladonFish"]
[Black "KeithArkell"]
[Result "0-1"]
[WhiteElo "1092"]
[BlackElo "2610"]
[TimeControl "300"]
[EndTime "11:55:25 PDT"]
[Termination "KeithArkell won by resignation"]

1. d4 e6 2. c4 Bb4+ 3. Nc3 c5 4. dxc5 Bxc3+ 5. bxc3 Qa5 6. Bd2 Nf6 7. Qc2 Na6 8.
Nf3 Nxc5 9. e4 Nfxe4 10. Bd3 Nxd2 11. Qxd2 Nxd3+ 12. Qxd3 b6 13. O-O Bb7 14. Rfd1 Rd8 15.
Ne5 Qxe5 16. Re1 Qg5 17. g3 O-O 18. f4 Qg4 19. Re5 Qf3 20. Qc2 Qh1+ 21. Kf2 Qg2+ 22. Ke1 Qxc2 0-1

[Event "Live Chess"]
[Site "Chess.com"]
[Date "2023.05.20"]
[Round "-"]
[White "martynstanley"]
[Black "MaximKris"]
[Result "0-1"]
[WhiteElo "1005"]
[BlackElo "1880"]
[TimeControl "300"]
[EndTime "11:55:29 PDT"]
[Termination "MaximKris won by checkmate"]

1. d4 d5 2. e3 Nf6 3. Bd3 Nc6 4.
c3 e6 5. f4 Bd6 6. Nf3 O-O 7.
O-O Ne7 8. Ne5 Nf5 9. Rf3 Bxe5 10. fxe5 Ne4 11. Nd2 Nxd2 12. Bxd2 Qg5 13. Rh3 h6 14. e4 dxe4 15. Bxg5 exd3 16. Qxd3 hxg5 17. Qf3 Nh6 18. Qh5 g4 19. Rg3 Bd7 20. Re1 f6 21. Re4 f5 22.
Rf4 Be8 23. Qh4 Rf7 24. Qg5 Kh7 25.
h4 c6 26. h5 Rc8 27. Qg6+ Kg8 28. Qxe6 Rc7 29. Rgxg4 Nxg4 30. Rxf5 Re7 31. Qg6 Nh6 32. Rxf7 Rxf7 33. Qg5 Nf5 34. Qd8 Rf8 35. g4 Ne3 36. d5 cxd5 37. Qxd5+ Nxd5 38. c4 Nf4 39. Kh2 Bd7 40. Kg3 Be6 41. b3 Nd3 42. Kh4 Nxe5 43. g5 Nxc4 44. bxc4 Bxc4 45. a3 Ba2 46. h6 a5 47. Kh5 Bf7+ 48. g6 gxh6 49. Kxh6 Bxg6 50. Kxg6 Rf3 51. a4 Ra3 52. Kf6 Rxa4 53. Ke6 b5 54.
Kd5 Rc4 55. Kd6 a4 56. Kd5 a3 57. Kd6 a2 58. Kd5 a1=Q 59. Kd6 Qd4+ 60. Ke6 Rc5 61.
Ke7 Re5+ 62. Kf6 Qf4+ 63. Kg6 Rg5+ 64. Kh6 Qh4# 0-1

[Event "Live Chess"]
[Site "Chess.com"]
[Date "2023.05.20"]
[Round "-"]
[White "LaupMiths"]
[Black "mattlirious"]
[Result "1-0"]
[WhiteElo "1822"]
[BlackElo "1309"]
[TimeControl "300"]
[EndTime "11:55:34 PDT"]
[Termination "LaupMiths won by resignation"]

1. d4 Nf6 2. Nf3 d5 3. g3 Bf5 4.
Bg2 c6 5. O-O Na6 6. b3 Nc7 7. Bb2 e6 8. c4 Be7 9. Nc3 O-O 10. Rc1 Qb8 11. Nh4 Bd6 12. Nxf5 exf5 13. Qd3 g6 14. f3 Ne6 15. e4 dxe4 16. fxe4 fxe4 17. Nxe4 Nxe4 18. Bxe4 Ng7 19. d5 Bc5+ 20. Kh1 Rd8 21. Qc3 Bf8 22. dxc6 bxc6 23. Bxc6 Qd6 24. Bd5 Rac8 25. Qf3 Qd7 26. Bxf7+ Kh8 27. Rcd1 Qc7 28. Bd5 Bc5 29. Qg4 Rf8 30. h4 Rxf1+ 31.
Rxf1 Bd6 32. Rf3 Be5 33. Bxe5 Qxe5 34. Qxc8+ Ne8 35. Qe6 Qa1+ 36. Kg2 Qb2+ 37. Rf2 Qg7 38. Qxe8+ 1-0

[Event "Live Chess"]
[Site "Chess.com"]
[Date "2023.05.20"]
[Round "-"]
[White "blunderabit"]
[Black "luckywookie"]
[Result "1-0"]
[WhiteElo "1897"]
[BlackElo "744"]
[TimeControl "300"]
[EndTime "11:55:47 PDT"]
[Termination "blunderabit won by resignation"]

1. e4 c6 2. Nf3 d5 3. d3 e5 4.
Nbd2 Bg4 5. Be2 Nd7 6. O-O Bd6 7. h3 Bxf3 8. Bxf3 d4 9. Nc4 Bc5 10. Bd2 a5 11. a4 b5 12. axb5 cxb5 13. Nxa5 b4 14.
Nb3 Rxa1 15. Qxa1 Bd6 16. Qa4 Ne7 17. Bxb4 Bxb4 18. Qxb4 Nc6 19. Qd6 Ne7 20. Bg4 f5 21. Bxf5 Nxf5 22. exf5 Qf6 23. Qxf6 gxf6 24. c4 dxc3 25.
bxc3 O-O 26. c4 Rb8 27. Nc1 Rb1 28. Re1 Nc5 29. Kf1 Nxd3 30. Nxd3 Rxe1+ 31. Kxe1 e4 32. Nf4 Kf7 33. Kd2 Ke7 34. Ke3 Kd6 35. Kxe4 Kc5 36.
Kd3 h6 37. Nh5 Kb4 38. Nxf6 h5 39. Nxh5 Kc5 40. f6 1-0

[Event "Live Chess"]
[Site "Chess.com"]
[Date "2023.05.20"]
[Round "-"]
[White "Reggie016"]
[Black "boilerboy1"]
[Result "1-0"]
[WhiteElo "1091"]
[BlackElo "1056"]
[TimeControl "300"]
[EndTime "11:55:55 PDT"]
[Termination "Reggie016 won by resignation"]

1. e4 e5 2. Nc3 c6 3. f4 exf4 4. Nf3 Nf6 5. e5 Ng4 6. h3 Nh6 7. d4 g6 8. Bxf4 Bg7 9. Bd3 O-O 10. O-O c5 11. dxc5 Nc6 12. Qd2 Nf5 13. Bxf5 gxf5 14. Bh6 Bxe5 15. Nxe5 Nxe5 16. Rxf5 Ng6 17. Qd4 f6 18.
Bxf8 Qxf8 19. Rxf6 Qg7 20. Qd5+ Kh8 21. Raf1 d6 22.
Rxg6 hxg6 23. Rf4 dxc5 24. Rh4+ Qh7 25. Rxh7+ Kxh7 26. Qxc5 Bf5 27. g4 Bxc2 28. Nd5 b6 29. Nf6+ Kg7 30. Qxc2 Kxf6 31. Qc3+ Kg5 32. Qe5+ Kh4 33.
Kg2 Rf8 34. Qg3+ Kg5 35. h4+ Kh6 36. g5+ Kg7 37. Qc7+ Rf7 38. Qe5+ Kg8 39. Kg3 a6 40. Kg4 b5 41. h5 Rf5 42. Qe6+ Rf7 43. hxg6 1-0

[Event "Live Chess"]
[Site "Chess.com"]
[Date "2023.05.20"]
[Round "-"]
[White "ReceptiveCamel"]
[Black "tuppyglossop"]
[Result "0-1"]
[WhiteElo "626"]
[BlackElo "1593"]
[TimeControl "300"]
[EndTime "11:55:57 PDT"]
[Termination "tuppyglossop won by resignation"]

1. e4 e5 2. d4 exd4 3. Qxd4 Nc6 4. Qd1 d6 5. Bf4 Nf6 6. Bb5 Bd7 7. Nc3 a6 8. Bxc6 Bxc6 9. Nf3 Be7 10. Qd3 O-O 11.
O-O-O Nh5 12. h4 Nxf4 13. Qe3 Ne6 14. Nd5 Bxd5 15. exd5 Nc5 16. Ng5 Bxg5 17. Qxg5 Qxg5+ 18. hxg5 Ne4 19. f4 Nf2 20. Rdf1 Nxh1 21. Rxh1 Rae8 22.
Kd2 Re4 23. Kd3 Rxf4 24. g3 Rg4 25. Rh5 Rxg3+ 26. Ke4 g6 27. Rh6 Rxg5 28. Kf4 Rxd5 29. Ke4 Re5+ 30. Kf4 Rfe8 31. Kg4 Re2 32. Kf4 Kg7 33.
Kf3 Kxh6 34. c4 Rxb2 35. a4 0-1

[Event "Live Chess"]
[Site "Chess.com"]
[Date "2023.05.20"]
[Round "-"]
[White "mightysmasher"]
[Black "NAZRIZ1977"]
[Result "1-0"]
[WhiteElo "2140"]
[BlackElo "2097"]
[TimeControl "300"]
[EndTime "11:56:00 PDT"]
[Termination "mightysmasher won by resignation"]

1. e4 c5 2. c3 d5 3. exd5 Nf6 4.
d4 cxd4 5. cxd4 Nxd5 6. Nf3 e6 7. Bc4 Be7 8. O-O O-O 9. Bxd5 Qxd5 10. Nc3 Qd8 11. d5 b6 12. Bf4 Bf6 13. Nb5 e5 14. Nxe5 a6 15. Nc3 Bb7 16. d6 Re8 17. d7 Rxe5 18.
Bxe5 Bxe5 19. Re1 Nxd7 20. Qd3 Qh4 21. h3 Nc5 22. Qf5 Qf4 23. Qxe5 1-0

[Event "Live Chess"]
[Site "Chess.com"]
[Date "2023.05.20"]
[Round "-"]
[White "maxwalden"]
[Black "Albul"]
[Result "0-1"]
[WhiteElo "1211"]
[BlackElo "2162"]
[TimeControl "300"]
[EndTime "11:56:03 PDT"]
[Termination "Albul won on time"]

1. d4 f5 2. c4 Nf6 3. Nc3 g6 4. Bf4 Bg7 5. e3 d6 6. Nf3 O-O 7. Bd3 c6 8. O-O Qe8 9. a3 Nh5 10. Bg3 e5 11. dxe5 dxe5 12. Bc2 h6 13. b4 f4 14. exf4 exf4 15. Re1 Qf7 16. Bb3 fxg3 17. c5 gxf2+ 18. Kxf2 Bxc3 19. Bxf7+ Rxf7 20. Re8+ Kh7 21. Rc1 Bd7 22. Rxb8 Rxb8 23. Rxc3 Bg4 24. h3 Bxf3 25. Rxf3 Rbf8 26. Rxf7+ Rxf7+ 27. Kg1 Nf4 28. Qf3 Kg7 29.
Qc3+ Kg8 30. Qc4 Nd5 31. g4 a6 32. a4 Nf4 33. h4 Nd5 34. g5 hxg5 35. hxg5 Rf4 36.
Qd3 Rg4+ 37. Kf2 Rxg5 38. b5 axb5 39. axb5 Rf5+ 40. Kg3 Kf7 41. bxc6 bxc6 42. Qa6 Rf6 43. Qb7+ Ne7 44. Qb3+ Kg7 45. Qb7 Re6 46. Qb2+ Kf7 47.
Qf2+ Nf5+ 48. Kg4 Re5 49. Qa2+ Rd5 50. Qa7+ Ne7 51. Qa2 Ke6 52. Qe2+ Kd7 53. Kf4 Rxc5 54. Qg4+ Rf5+ 55. Ke4 Nd5 56. Qxg6 Rf6 57. Qg4+ Kd6 58. Qd1 Rf4+ 59. Kd3 Rf3+ 60. Kc4 Rf4+ 61. Kb3 c5 62. Qh5 Rb4+ 63. Kc2 Ne3+ 0-1

[Event "Live Chess"]
[Site "Chess.com"]
[Date "2023.05.20"]
[Round "-"]
[White "BillythekidFellowes"]
[Black "Salpingidis"]
[Result "0-1"]
[WhiteElo "2027"]
[BlackElo "2287"]
[TimeControl "300"]
[EndTime "11:56:06 PDT"]
[Termination "Salpingidis won by resignation"]

1. Nf3 e6 2. c4 d5 3. d4 Nf6 4. Nc3 Be7 5. Bg5 O-O 6. e3 h6 7.
Bxf6 Bxf6 8. cxd5 exd5 9. Bd3 c6 10. O-O Bg4 11. h3 Bh5 12. Be2 Nd7 13. Nd2 Bxe2 14.
Nxe2 c5 15. dxc5 Nxc5 16. Nf4 d4 17. Nc4 dxe3 18. Nxe3 Qxd1 19. Rfxd1 Bxb2 20. Rab1 Be5 21. Ne2 b6 22. Rd5 Bf6 23. Ng4 Be7 24. Ng3 Rad8 25.
Nf5 Bg5 26. Rbd1 Rxd5 27. Rxd5 Rd8 28. Rxd8+ Bxd8 29. Nd6 Kf8 30. Ne3 Bc7 31. Nb5 Bb8 32. Nd5 f6 33. Nd4 Kf7 34. Nc6 Nd7 35. Kf1 Ke6 36.
Nc3 Kd6 37. Nd4 g6 38. f3 Kc5 39. Nb3+ Kc4 40. Ne4 f5 41. Ned2+ Kd3 42. Ke1 Nc5 43. Kd1 Nxb3 44. axb3 Bf4 45. Nc4 Kc3 46. h4 Kxb3 47. Nd2+ Bxd2 48. Kxd2 0-1

[Event "Live Chess"]
[Site "Chess.com"]
[Date "2023.05.20"]
[Round "-"]
[White "omisoc"]
[Black "LiamBellwood"]
[Result "1-0"]
[WhiteElo "2212"]
[BlackElo "2083"]
[TimeControl "300"]
[EndTime "11:56:06 PDT"]
[Termination "omisoc won by resignation"]

1. b3 e6 2. Bb2 f5 3. e3 Nf6 4.
Nf3 Be7 5. d4 O-O 6. Nbd2 b6 7.
c4 Bb7 8. Be2 d6 9. O-O Ne4 10.
Nxe4 fxe4 11. Nd2 d5 12. Bg4 Bc8 13. f3 Bg5 14. Qe2 exf3 15. Nxf3 Bf6 16. e4 Nc6 17. exd5 exd5 18. Be6+ Bxe6 19. Qxe6+ Kh8 20. Qxc6 1-0

[Event "Live Chess"]
[Site "Chess.com"]
[Date "2023.05.20"]
[Round "-"]
[White "AdamOwls"]
[Black "KGreenGator"]
[Result "0-1"]
[WhiteElo "1918"]
[BlackElo "1773"]
[TimeControl "300"]
[EndTime "11:56:07 PDT"]
[Termination "KGreenGator won by resignation"]

1. e4 c5 2. d4 cxd4 3. c3 dxc3 4.
Nxc3 e6 5. Nf3 Bc5 6. Bc4 Nf6 7. O-O O-O 8. Qe2 Nc6 9. Rd1 a6 10.
Bg5 e5 11. Rac1 Re8 12. Nd5 Be7 13. Nxe7+ Qxe7 14. a3 d6 15. Bb3 h6 16. Bh4 Be6 17. Qe3 Bxb3 18. Qxb3 Rab8 19. Nd2 Red8 20. f3 Nd4 21. Qd3 Qe6 22. Bf2 Nc6 23. Nc4 d5 24. exd5 Nxd5 25. Qe4 f5 26. Qe2 Nf4 27. Qc2 Rxd1+ 28. Rxd1 Rd8 29. Rxd8+ Nxd8 30. Ne3 g6 31.
Qc7 Qf6 32. Nc4 Nfe6 33. Qd7 b5 34. Nd6 Qg7 35. Qc8 Qc7 36. Qxc7 Nxc7 37. Bb6 Nde6 38. Kf2 Nd5 39. Ba5 Nef4 40. b3 Nd3+ 41. Ke2 Nc1+ 42. Kf2 Nxb3 43. Bd8 Nd4 44. g4 f4 45. Ne4 Kf7 46. h4 Ke6 47. g5 h5 48. Nf6 Nxf6 49. Bxf6 Nf5 50. Bd8 Nxh4 0-1

[Event "Live Chess"]
[Site "Chess.com"]
[Date "2023.05.20"]
[Round "-"]
[White "profpirate4"]
[Black "alanmike75"]
[Result "0-1"]
[WhiteElo "1071"]
[BlackElo "1509"]
[TimeControl "300"]
[EndTime "11:56:10 PDT"]
[Termination "alanmike75 won by resignation"]

1. e4 e5 2. f4 exf4 3. Nf3 Nf6 4. Nc3 d5 5. e5 Ne4 6. d3 Nxc3 7. bxc3 g5 8. d4 Be6 9. Bd3 h6 10. Rb1 b6 11. O-O c6 12. a4 Nd7 13. a5 b5 14.
Rf2 Qxa5 15. Bd2 Qc7 16. Ra1 a5 17. Be1 Be7 18. Nd2 O-O 19. Qh5 Kg7 20. h4 Rh8 21. Qe2 a4 22. Nf3 Rab8 23. Bd2 Nb6 24. g3 g4 25. Nh2 fxg3 26. Rg2 gxh2+ 27. Kxh2 h5 28. Rag1 Nc4 29. Rxg4+ hxg4 30. Rxg4+ Bxg4 31. Qxg4+ Kf8 32. Bf4 Rxh4+ 33. Qxh4 Bxh4 34. Kh3 Qe7 35. e6 Re8 36. Bf5 fxe6 37. Bh6+ Kg8 38. Kg4 exf5+ 0-1

[Event "Live Chess"]
[Site "Chess.com"]
[Date "2023.05.20"]
[Round "-"]
[White "Ayursworld"]
[Black "TheSmoulderingMaster"]
[Result "1-0"]
[WhiteElo "1378"]
[BlackElo "1728"]
[TimeControl "300"]
[EndTime "11:56:19 PDT"]
[Termination "Ayursworld won by checkmate"]

1. e4 c5 2. Nf3 d6 3. Bb5+ Nd7 4. Bxd7+ Bxd7 5. c4 Bc6 6. Nc3 Nf6 7. d3 g6 8. Bg5 Bg7 9. O-O O-O 10. Qd2 a6 11. Bh6 Rb8 12. Bxg7 Kxg7 13. a4 b5 14. cxb5 axb5 15. axb5 Bxb5 16. Nxb5 Rxb5 17. e5 Nd5 18. exd6 Qxd6 19. h3 Rfb8 20. Rab1 Qf6 21. Nh2 Nc3 22. Ng4 Qd4 23. Qh6+ Kg8 24. Rbe1 Rxb2 25. Rxe7 Ne2+ 26. Kh1 Qf4 27. Qh4 Kg7 28. g3 Qf3+ 29. Kh2 h5 30. Ne5 Qf5 31. Rxf7+ Qxf7 32. Nxf7 Kxf7 33. Qc4+ Kg7 34.
Qxc5 R8b5 35. Qe7+ Kh6 36. Re1 Nxg3 37. Qe3+ Rg5 38.
h4 Rxf2+ 39. Qxf2 Rg4 40. Qe3+ Kh7 41. Qe7+ Kh6 42. Qf8+ Kh7 43. Re7# 1-0

[Event "Live Chess"]
[Site "Chess.com"]
[Date "2023.05.20"]
[Round "-"]
[White "MaximKris"]
[Black "CeladonFish"]
[Result "1-0"]
[WhiteElo "1880"]
[BlackElo "1091"]
[TimeControl "300"]
[EndTime "11:56:20 PDT"]
[Termination "MaximKris won by checkmate"]

1. e4 d6 2. Nf3 Nf6 3. Nc3 g6 4. d4 Bg7 5. Bg5 O-O 6. Bc4 c6 7. h4 Nxe4 8. Nxe4 d5 9. Bd3 dxe4 10. Bxe4 Na6 11. h5 f5 12. hxg6 hxg6 13. Bd3 Re8 14.
Bc4+ Kf8 15. Ne5 Bxe5 16. dxe5 b5 17. Bh6# 1-0

[Event "Live Chess"]
[Site "Chess.com"]
[Date "2023.05.20"]
[Round "-"]
[White "lightningorderyt"]
[Black "Duke_of_Bebington"]
[Result "0-1"]
[WhiteElo "529"]
[BlackElo "1561"]
[TimeControl "300"]
[EndTime "11:56:28 PDT"]
[Termination "Duke_of_Bebington won by resignation"]

1. d4 d5 2. c4 c6 3. Nc3 e5 4. e3 exd4 5. exd4 Be6 6. b3 g6 7. Bb2 Bg7 8. Nf3 Nd7 9. Bd3 Ne7 10. O-O O-O 11. Ng5 Bf5 12. Bxf5 Nxf5 13. cxd5 Qxg5 14.
dxc6 bxc6 15. d5 cxd5 16. Qxd5 Rfd8 17. Ne4 Qh6 18. Bxg7 Qxg7 19. f4 Nb6 20. Qc5 Rac8 21. Qa3 Qd4+ 22. Nf2 Rc2 23. Rad1 Rd2 24. Rxd2 Qxd2 25.
Ne4 Qe3+ 26. Nf2 Nd5 27. Qxa7 Qxa7 0-1

[Event "Live Chess"]
[Site "Chess.com"]
[Date "2023.05.20"]
[Round "-"]
[White "Ninifu"]
[Black "EdenHazard8"]
[Result "1-0"]
[WhiteElo "1999"]
[BlackElo "2082"]
[TimeControl "300"]
[EndTime "11:56:29 PDT"]
[Termination "Ninifu won by checkmate"]

1. d4 c6 2. c4 d5 3. Nf3 Nf6 4. Nc3 Bf5 5. e3 e6 6. Qb3 Qb6 7. c5 Qc7 8. Be2 Nbd7 9. O-O e5 10. Nxe5 Nxe5 11. dxe5 Nd7 12. f4 Bxc5 13. Kh1 O-O 14.
Bd2 Bb6 15. Rac1 Nc5 16. Qd1 Ne4 17. Nxd5 Qd7 18. Nxb6 axb6 19. Bc3 Qxd1 20. Rcxd1 Rfd8 21. Kg1 Nxc3 22. bxc3 h6 23. Rxd8+ Rxd8 24. Rd1 Ra8 25. Bc4 b5 26. Bb3 c5 27. c4 bxc4 28. Bxc4 Rb8 29. a4 Bc2 30. Rd7 Bxa4 31. Rxf7 Kh8 32. Bd5 b5 33. e6 b4 34. e7 Re8 35. Rf8+ Kh7 36. Rxe8 Bxe8 37. f5 Ba4 38. Kf2 g6 39. f6 b3 40. Bxb3 Bxb3 41. e8=Q h5 42. h4 g5 43. Qe7+ Kh8 44. Qg7# 1-0

[Event "Live Chess"]
[Site "Chess.com"]
[Date "2023.05.20"]
[Round "-"]
[White "MJMykh"]
[Black "MarkLim1"]
[Result "0-1"]
[WhiteElo "1031"]
[BlackElo "1642"]
[TimeControl "300"]
[EndTime "11:56:32 PDT"]
[Termination "MarkLim1 won by resignation"]

1. e4 e6 2. Nf3 d5 3. exd5 exd5 4. Nc3 c6 5. Be2 Bd6 6. O-O Ne7 7. h3 Bf5 8. Bd3 Bxd3 9. cxd3 O-O 10. Re1 Na6 11.
Ne5 Ng6 12. Nxg6 hxg6 13. d4 Qf6 14. Ne2 Nb4 15. d3 Rfe8 16. a3 Na6 17. Bd2 Re6 18. Bc3 Rae8 19. Qd2 Nc7 20. b4 Nb5 21. Rac1 Nxc3 22.
Rxc3 Bf4 23. Qb2 Qg5 24. Kf1 Bd2 25. f4 Bxf4 26. Qc2 Bg3 0-1

[Event "Live Chess"]
[Site "Chess.com"]
[Date "2023.05.20"]
[Round "-"]
[White "diana21strabt"]
[Black "xx_blindpuffin_xx"]
[Result "0-1"]
[WhiteElo "1687"]
[BlackElo "2203"]
[TimeControl "300"]
[EndTime "11:56:32 PDT"]
[Termination "xx_blindpuffin_xx won by resignation"]

1. e4 e6 2. d4 d5 3. Nc3 dxe4 4. Nxe4 Bd7 5. Nf3 Bc6 6. Bd3 Nf6 7. Bg5 Be7 8. Bxf6 Bxf6 9. Nxf6+ Qxf6 10. Be2 Nd7 11.
O-O O-O-O 12. c3 g5 13. Nd2 e5 14. dxe5 Nxe5 15. Qc2 Qg6 16. Qxg6 Nxg6 17. Nf3 Nf4 18. Bc4 f6 19. Nd4 Bxg2 20. Ne6 Bxf1 21. Nxd8 Bxc4 22.
Nf7 Bxf7 23. b3 Re8 24. Rd1 Bd5 25. c4 Bf3 26. Rc1 Ne2+ 0-1

[Event "Live Chess"]
[Site "Chess.com"]
[Date "2023.05.20"]
[Round "-"]
[White "BigDom87"]
[Black "PLZ909"]
[Result "1-0"]
[WhiteElo "1378"]
[BlackElo "1286"]
[TimeControl "300"]
[EndTime "11:56:38 PDT"]
[Termination "BigDom87 won by resignation"]

1. d4 d5 2. c4 c6 3. Nc3 e6 4. Nf3 Bd6 5. g3 Nf6 6. Bg2 Nbd7 7. O-O e5 8. dxe5 Bxe5 9. Nxe5 Nxe5 10. cxd5 cxd5 11. Nxd5 Nxd5 12. Qxd5 Qxd5 13. Bxd5 O-O 14.
Bf4 Rd8 15. Be4 Nc4 16. b3 Nd2 17. Rfd1 g5 18. Bxd2 Rb8 19. Bxg5 Rxd1+ 20. Rxd1 b6 21. Bf4 Bb7 22. Bxb8 1-0

[Event "Live Chess"]
[Site "Chess.com"]
[Date "2023.05.20"]
[Round "-"]
[White "TobyQuaite"]
[Black "OleksiyJr1"]
[Result "1/2-1/2"]
[WhiteElo "1686"]
[BlackElo "938"]
[TimeControl "300"]
[EndTime "11:56:39 PDT"]
[Termination "Game drawn - insufficient material"]

1. e4 c5 2. Nf3 Nc6 3. Bb5 d6 4.
d4 Bd7 5. O-O cxd4 6. Nxd4 Nxd4 7. Bxd7+ Qxd7 8. Qxd4 Nf6 9. Nc3 e5 10. Qd1 Rd8 11. Bg5 Be7 12. Bxf6 Bxf6 13. Nd5 Qe6 14.
c4 O-O 15. Rc1 Rc8 16. Re1 Bg5 17. Rc3 Bf4 18. Nxf4 exf4 19. b3 b5 20. Qd3 bxc4 21. Rxc4 Rxc4 22. bxc4 f5 23. Qd5 Re8 24. Qxe6+ Rxe6 25. f3 fxe4 26. fxe4 Kf7 27. Kf2 g5 28. Kf3 Ke7 29.
Kg4 h6 30. h4 Re5 31. hxg5 hxg5 32. Rh1 Kd7 33. Kf3 Kc6 34. Rd1 Kc5 35. Rd5+ Rxd5 36.
cxd5 Kd4 37. a4 a5 38. Kg4 Kxe4 39. Kxg5 Kxd5 40. Kxf4 Kc5 41. g4 d5 42. g5 d4 43. g6 d3 44. g7 d2 45. g8=Q d1=Q 46. Qc8+ Kb4 47. Qf8+ Kxa4 48. Qe8+ Kb3 49. Qb5+ Kc2 50.
Qa4+ Kc1 51. Qa1+ Kc2 52. Qa2+ Kc1 53. Qa3+ Kc2 54. Qa4+ Kc1 55. Qxa5 Qd2+ 56. Qxd2+ Kxd2 1/2-1/2

[Event "Live Chess"]
[Site "Chess.com"]
[Date "2023.05.20"]
[Round "-"]
[White "wadsy27"]
[Black "onemoretime1975"]
[Result "1-0"]
[WhiteElo "2584"]
[BlackElo "1924"]
[TimeControl "300"]
[EndTime "11:56:48 PDT"]
[Termination "wadsy27 won by resignation"]

1. c4 e6 2. g3 d5 3. Bg2 c6 4. Nf3 Nf6 5. b3 g6 6. Bb2 Bg7 7. O-O O-O 8. d4 Nbd7 9. Nc3 b6 10. Nd2 Bb7 11. e4 dxe4 12. Ndxe4 Nxe4 13. Nxe4 Nf6 14.
Ba3 Re8 15. Nd6 Re7 16. Nxb7 Rxb7 17. Bxc6 1-0

[Event "Live Chess"]
[Site "Chess.com"]
[Date "2023.05.20"]
[Round "-"]
[White "djw60"]
[Black "GEMdzq"]
[Result "1/2-1/2"]
[WhiteElo "2122"]
[BlackElo "2229"]
[TimeControl "300"]
[EndTime "11:56:49 PDT"]
[Termination "Game drawn - insufficient material"]

1. Nf3 c5 2. e3 Nc6 3. Bb5 Nf6 4.
O-O e6 5. d4 Be7 6. c4 cxd4 7.
exd4 d5 8. cxd5 Nxd5 9. Ne5 Bd7 10. Nxd7 Qxd7 11. Nc3 O-O 12. Ne4 Qc7 13. Bg5 f6 14.
Be3 Rad8 15. Rc1 Qb6 16. Qb3 Nxd4 17. Bxd4 Qxd4 18. Rfe1 a6 19. Bc4 b5 20. Bf1 Qb4 21. Qxb4 Bxb4 22. Red1 Rc8 23. a4 bxa4 24. Bxa6 Rxc1 25.
Rxc1 Rd8 26. g3 Bf8 27. Bb5 a3 28. bxa3 Bxa3 29. Rc6 Kf7 30. Bc4 Be7 31. Nc5 Bxc5 32. Rxc5 Ke7 33. Bxd5 Rxd5 34. Rc8 Rd7 35. Kg2 h6 36. h4 Kf7 37. h5 Rd5 38. g4 f5 39.
f3 fxg4 40. fxg4 Rg5 41. Kf3 g6 42. Rc7+ Kf6 43. hxg6 Kxg6 44. Kf4 Kf6 45. Rc6 Kg6 46. Rxe6+ Kg7 47. Re5 Rxe5 48. Kxe5 Kg6 49. Kf4 h5 50. gxh5+ Kxh5 1/2-1/2

[Event "Live Chess"]
[Site "Chess.com"]
[Date "2023.05.20"]
[Round "-"]
[White "Ian-Morley"]
[Black "ACx04"]
[Result "0-1"]
[WhiteElo "978"]
[BlackElo "430"]
[TimeControl "300"]
[EndTime "11:56:49 PDT"]
[Termination "ACx04 won by resignation"]

1. e4 e5 2. Nf3 Nc6 3. Bc4 h6 4.
d4 exd4 5. Nxd4 Nf6 6. Nxc6 dxc6 7. Nc3 Qxd1+ 8. Nxd1 Nxe4 9. O-O Be6 10. Re1 Bxc4 11. Rxe4+ Be6 12. Bf4 Bd6 13. Bxd6 cxd6 14. Ne3 O-O 15. c3 Bd5 16. Nxd5 cxd5 17. Rd4 Rae8 18. Rxd5 f5 19. Rxd6 f4 20. f3 Re5 21. Rad1 Rfe8 22. Rd8 Rxd8 23. Rxd8+ Kh7 24. Rd7 Re1+ 25. Kf2 Ra1 26.
Rxb7 Rxa2 27. c4 Rxb2+ 28. Ke1 Rxb7 0-1

[Event "Live Chess"]
[Site "Chess.com"]
[Date "2023.05.20"]
[Round "-"]
[White "WelshTiger"]
[Black "Doge_Dandolo"]
[Result "1-0"]
[WhiteElo "2399"]
[BlackElo "2082"]
[TimeControl "300"]
[EndTime "11:56:59 PDT"]
[Termination "WelshTiger won by resignation"]

1. e4 c6 2. d4 d5 3. f3 dxe4 4. fxe4 e5 5. Nf3 Bg4 6. Bc4 Nf6 7. Bxf7+ Kxf7 8. Nxe5+ Kg8 9. Nxg4 Nbd7 10. Nc3 Nxg4 11. Qxg4 Qe7 12. e5 h5 13. Qg5 Qf7 14. Rf1 Qe8 15.
Be3 Be7 16. Qf5 Qf8 17. Qe6+ Kh7 18. Rxf8 1-0

[Event "Live Chess"]
[Site "Chess.com"]
[Date "2023.05.20"]
[Round "-"]
[White "BostonStrangler"]
[Black "1600x"]
[Result "1-0"]
[WhiteElo "2049"]
[BlackElo "1669"]
[TimeControl "300"]
[EndTime "11:57:01 PDT"]
[Termination "BostonStrangler won by checkmate"]

1. Nf3 e5 2. Nxe5 Bd6 3. Nf3 Bf4 4. d4 Qe7 5. Bxf4 Nf6 6. Nc3 d5 7. e3 O-O 8. Bd3 Qb4 9. Rb1 Ne4 10. Bxe4 Re8 11.
Bxd5 Qb6 12. O-O Rf8 13. Ng5 Be6 14. Bxe6 fxe6 15. Qg4 Re8 16. Be5 g6 17. Nce4 Nd7 18. Nxh7 Nxe5 19. dxe5 Kxh7 20. Qh4+ Kg7 21. Qf6+ Kh7 22.
Ng5+ Kh6 23. Nf7+ Kh5 24. Qg5# 1-0

[Event "Live Chess"]
[Site "Chess.com"]
[Date "2023.05.20"]
[Round "-"]
[White "wot-not"]
[Black "bristolunichess"]
[Result "1-0"]
[WhiteElo "1482"]
[BlackElo "1776"]
[TimeControl "300"]
[EndTime "11:57:07 PDT"]
[Termination "wot-not won on time"]

1. e4 c6 2. f4 d5 3. e5 c5 4.
Nf3 Nc6 5. d4 cxd4 6. Bd3 Bg4 7.
O-O e6 8. Nbd2 Bc5 9. Nb3 Bb6 10. Bd2 Nge7 11. Be1 Qd7 12. h3 Bxf3 13. Qxf3 g6 14. Kh1 h5 15. Bh4 Nf5 16. Bxf5 gxf5 17. Bf6 Rh7 18. a4 a6 19. a5 Ba7 20. Qg3 Ne7 21.
Rfd1 Rc8 22. Rac1 Rc4 23. Nd2 Ra4 24. Nf3 Ng6 25. Ra1 Rxa1 26. Rxa1 Qb5 27. b3 Qe2 28. Ng5 Rh6 29. Nxe6 fxe6 30. Qg5 Nxf4 31. Qxf4 Rg6 32.
Bg5 Qxc2 33. h4 Qxb3 34. Rc1 Kd7 35. Qf3 Qxf3 36. gxf3 Rg8 37. Rb1 Kc8 38. Rc1+ Kb8 39.
Be7 Ka8 40. Rc7 d3 41. Bg5 Bb8 42. Rc3 Re8 43. Rxd3 Bxe5 44. Rb3 Bc7 45. Rc3 Kb8 46. f4 1-0

[Event "Live Chess"]
[Site "Chess.com"]
[Date "2023.05.20"]
[Round "-"]
[White "Supertromp"]
[Black "gmnorfolk"]
[Result "1-0"]
[WhiteElo "2201"]
[BlackElo "2074"]
[TimeControl "300"]
[EndTime "11:57:18 PDT"]
[Termination "Supertromp won by resignation"]

1. e4 e5 2. Nf3 Nc6 3. Bc4 Nf6 4. d3 Bc5 5. O-O O-O 6. c3 d5 7. exd5 Nxd5 8. Re1 Bg4 9. Nbd2 Nb6 10. Bb5 f6 11.
Bxc6 bxc6 12. Ne4 Be7 13. h3 Bh5 14. Ng3 Bg6 15. Nh4 Bxd3 16. Qg4 Kh8 17. Rd1 g5 18. Nhf5 Bxf5 19. Nxf5 Qe8 20. b3 Nd5 21. Bb2 Nf4 22. c4 Bc5 23. Qf3 e4 24. Qg4 Qg6 25. Nd4 Rad8 26. Ne6 Rxd1+ 27. Rxd1 Nxe6 28. Qxe6 e3 29. fxe3 Bd6 30. e4 Bf4 31. Rd7 g4 32. Rd8 Be3+ 33.
Kh1 Kg7 34. Rxf8 gxh3 35. Rg8+ Kh6 36. Qxh3+ Qh5 37. Qxh5+ Kxh5 38. Rg7 1-0

[Event "Live Chess"]
[Site "Chess.com"]
[Date "2023.05.20"]
[Round "-"]
[White "Chesscoach_Golichenko"]
[Black "rideuv21"]
[Result "1-0"]
[WhiteElo "2660"]
[BlackElo "1835"]
[TimeControl "300"]
[EndTime "11:57:19 PDT"]
[Termination "Chesscoach_Golichenko won by resignation"]

1. d4 c5 2. d5 Nf6 3. Nc3 g6 4. e4 d6 5. Be2 Bg7 6. Nf3 O-O 7.
O-O Nbd7 8. h3 a6 9. a4 b6 10.
Nd2 Bb7 11. f4 e6 12. Nc4 exd5 13. Nxd6 Qc7 14. e5 Ne4 15. Nxd5 Bxd5 16. Qxd5 Nxd6 17.
exd6 Qd8 18. Bf3 Rb8 19. c3 Nf6 20. Qd3 b5 21. axb5 axb5 22. f5 Rb6 23. Bf4 Nd7 24. Ra8 Qf6 25. Rxf8+ Bxf8 26. Rd1 b4 27. Bg4 g5 28.
Bg3 bxc3 29. Qxc3 Qxc3 30. bxc3 f6 31. Bf3 Kf7 32. Bd5+ Ke8 33. Be6 Ne5 34. d7+ Kd8 35.
h4 h6 36. hxg5 hxg5 37. Ra1 Bd6 38. Kf1 Nxd7 39. Bf2 Nf8 40. Ra8+ Rb8 41. Rxb8+ Bxb8 42. Bxc5 Nxe6 43. fxe6 Be5 44. c4 f5 45. Ke2 Bf6 46. Bd6 Be7 47. c5 Ke8 48. Kd3 f4 49. Ke4 Bd8 50. c6 g4 51. Kxf4 1-0